 Dungeon Sprint DCSS version 0.21-a0-229-g3587535 (webtiles) character file.

973 Kidiri the Thaumaturge (level 7, -3/43 (44) HPs)
             Began as a Deep Elf Fire Elementalist on Sept 1, 2017.
             Was a Follower of Vehumet.
             Killed from afar by a necromancer (22 damage)
             ... with a bolt of fire
             ... in the Dungeon (Sprint III: "The Ten Rune Challenge").
             The game lasted 00:05:12 (917 turns).

Kidiri the Thaumaturge (Deep Elf Fire Elementalist)  Turns: 917, Time: 00:05:12

HP:   -3/43 (44)    AC:  2    Str:  5    XL:     7   Next: 94%
MP:   12/25         EV: 17    Int: 22    God:    Vehumet [*.....]
Gold: 48            SH:  0    Dex: 15    Spells: 13/31 levels left

rFire    . . .     SeeInvis .   b - +2 dagger (venom)
rCold    + . .     Gourm    .   (no shield)
rNeg     . . .     Faith    .   a - +0 robe
rPois    .         Spirit   .   (no helmet)
rElec    .         Reflect  .   (no cloak)
rCorr    .         Harm     .   (no gloves)
MR       .....     Rnd*Rage +   (no boots) Stlth ++........NoTele +
                                (no amulet)
HPRegen  0.14/turn              (no ring)
MPRegen  0.19/turn              (no ring)

@: no status effects
A: berserk 1, cold resistance 1, deterioration 1
a: Renounce Religion


You were in the Dungeon.
You worshipped Vehumet.
Vehumet was aware of your devotion.
You were not hungry.

You visited 1 branch You collected 48 gold pieces.

Inventory:

Hand Weapons
 b - a +2 dagger of venom (weapon)
Armour
 a - a +0 robe (worn)
Scrolls
 i - a scroll of blinking
 j - a scroll of amnesia
 m - a scroll of torment {unknown}
 o - 2 scrolls of remove curse
 r - a scroll of immolation {unknown}
Potions
 d - a potion of curing
 e - 2 potions of heal wounds
 f - a potion of haste
 g - 3 potions of magic
 h - 2 potions of berserk rage
 q - a potion of brilliance
 s - a potion of cancellation
Comestibles
 c - a bread ration
 p - 2 royal jellies


   Skills:
 + Level 4.8 Fighting
 + Level 4.9 Armour
 + Level 7.6 Dodging
 - Level 2.4 Stealth
 * Level 12.8 Spellcasting
 + Level 7.6 Conjurations
 + Level 8.3 Fire Magic


You had 13 spell levels left.
You knew the following spells:

 Your Spells              Type           Power        Failure   Level  Hunger
a - Flame Tongue          Conj/Fire      #####        1%          1    None
b - Throw Flame           Conj/Fire      #####.       1%          2    None
c - Conjure Flame         Conj/Fire      #####...     1%          3    None
d - Inner Flame           Hex/Fire       ####....     2%          3    None
e - Sticky Flame          Conj/Fire      #####...     1%          4    None
f - Fireball              Conj/Fire      #####.....   4%          5    ###....


Dungeon Overview and Level Annotations

Branches:
Dungeon (1/1)

Altars:
Dithmenos
Elyvilon
Kikubaaqudgha
Okawaru
Ru
Sif Muna
Trog
Uskayaw
Vehumet
Wu Jian
Yredelemnul
Zin
The Shining One
Beogh


Innate Abilities, Weirdness & Mutations

You tend to lose your temper in combat.
Your flesh is cold resistant. (rC+)
Your body sometimes deteriorates upon taking damage.


Message History

Press: ? - help, Shift-Dir - straight line Something barely misses you.
Casting: Sticky Flame
Confirm with . or Enter, or press ? or * to list all spells.
Aiming: Sticky Flame
Press: ? - help, Shift-Dir - straight line You hear some strange, mumbled words.
A bolt of fire appears from out of thin air!
The bolt of fire misses you.
Casting: Sticky Flame
Confirm with . or Enter, or press ? or * to list all spells.
Okay, then.
Something hits you. Something hits you but does no damage.
Unknown command.
You hear some strange, mumbled words.
A bolt of fire appears from out of thin air!
The bolt of fire hits you!
Ouch! That really hurt!
You die...

▓▓▓ ##
##.############
.#####..#___#___#__#
..#..#..#...#__.#$_#
..#..#..###+#+###'##
..##+#..#..†....@..#
..###...'.⌠........#
[####...#.).######+#
.###....#.⌠.#
.##.....#...#
.#......#+###
#.#.....#.):#
####....#___#
▓▓▓▓▓▓▓▓▓▓


There were no monsters in sight!

Vanquished Creatures
  A deep elf mage (D)
  A necrophage (D)
  A water elemental (D)
  A scorpion (D)
  A wizard (D)
  Jessica (D)
  3 humans (D)
  A kobold demonologist (D)
  2 oozes (D)
  A rat (D)
13 creatures vanquished.

Vanquished Creatures (others)
  2 draconian scorchers (D)
  6 hellions (D)
  2 yaktaurs (D)
10 creatures vanquished.

Grand Total: 23 creatures vanquished

Notes
Turn   | Place    | Note
-------+----------+-------------------------------------------
     0 | D        | Kidiri the Deep Elf Fire Elementalist began the quest for the Orb.
     0 | D        | Reached XP level 1. HP: 10/10 MP: 6/6
    12 | D        | Reached skill level 4 in Spellcasting
    62 | D        | Reached XP level 2. HP: 10/15 MP: 3/9
    63 | D        | Killed a yaktaur
    66 | D        | Killed a hellion
    89 | D        | Killed a hellion
    90 | D        | Killed a hellion
    90 | D        | Killed a hellion
    91 | D        | Killed a hellion
   103 | D        | Killed a hellion
   168 | D        | Reached skill level 5 in Spellcasting
   178 | D        | Noticed Jessica
   183 | D        | Killed Jessica
   183 | D        | Reached skill level 6 in Spellcasting
   183 | D        | Reached XP level 3. HP: 19/19 MP: 5/13
   191 | D        | Learned a level 2 spell: Throw Flame
   195 | D        | Learned a level 3 spell: Conjure Flame
   199 | D        | Learned a level 3 spell: Inner Flame
   236 | D        | Killed a white draconian scorcher
   236 | D        | Killed a white draconian scorcher
   251 | D        | Reached skill level 7 in Spellcasting
   251 | D        | Reached skill level 5 in Fire Magic
   361 | D        | Noticed a scorpion
   365 | D        | Killed a scorpion
   365 | D        | Reached skill level 1 in Fighting
   365 | D        | Reached skill level 1 in Armour
   365 | D        | Reached skill level 8 in Spellcasting
   365 | D        | Reached XP level 4. HP: 13/25 MP: 10/16
   378 | D        | Learned a level 4 spell: Sticky Flame
   508 | D        | Gained mutation: You occasionally shout uncontrollably at your foes. [potion of mutation]
   508 | D        | Gained mutation: Armour fits poorly on your strangely shaped body. [potion of mutation]
   508 | D        | Gained mutation: You have very sharp teeth. [potion of mutation]
   508 | D        | Gained mutation: You have a pair of small antennae on your head. [potion of mutation]
   509 | D        | Lost mutation: Armour fits poorly on your strangely shaped body. [potion of mutation]
   509 | D        | Lost mutation: You have a pair of small antennae on your head. [potion of mutation]
   509 | D        | Lost mutation: You occasionally shout uncontrollably at your foes. [potion of mutation]
   509 | D        | Gained mutation: You are partially covered in yellow scales. (AC +2) [potion of mutation]
   509 | D        | Gained mutation: You have large cloven feet. [potion of mutation]
   510 | D        | Lost mutation: You are partially covered in yellow scales. (AC +2) [potion of mutation]
   510 | D        | Lost mutation: You have large cloven feet. [potion of mutation]
   510 | D        | Gained mutation: You are dopey. (Int -2) [potion of mutation]
   510 | D        | Gained mutation: Your flesh is heat resistant. (rF+) [potion of mutation]
   511 | D        | Lost mutation: Your flesh is heat resistant. (rF+) [potion of mutation]
   511 | D        | Lost mutation: You have very sharp teeth. [potion of mutation]
   511 | D        | Lost mutation: You are dopey. (Int -2) [potion of mutation]
   511 | D        | Gained mutation: You tend to lose your temper in combat. [potion of mutation]
   511 | D        | Gained mutation: Your body sometimes deteriorates upon taking damage. [potion of mutation]
   511 | D        | Gained mutation: Your flesh is cold resistant. (rC+) [potion of mutation]
   523 | D        | Noticed a water elemental
   527 | D        | Killed a water elemental
   527 | D        | Reached skill level 9 in Spellcasting
   527 | D        | Reached skill level 5 in Conjurations
   527 | D        | Reached XP level 5. HP: 30/30 MP: 11/18
   535 | D        | Learned a level 5 spell: Fireball
   562 | D        | Killed a yaktaur
   575 | D        | Found a radiant altar of Vehumet.
   576 | D        | Found a deep blue altar of Sif Muna.
   576 | D        | Found an ancient bone altar of Kikubaaqudgha.
   592 | D        | Became a worshipper of Vehumet
   641 | D        | Found a glowing silver altar of Zin.
   642 | D        | Found a glowing golden altar of the Shining One.
   642 | D        | Found a white marble altar of Elyvilon.
   642 | D        | Noticed a deep elf mage
   655 | D        | Killed a deep elf mage
   655 | D        | Reached skill level 11 in Spellcasting
   655 | D        | Reached XP level 6. HP: 28/38 MP: 7/22
   655 | D        | Reached XP level 7. HP: 32/43 MP: 7/24
   742 | D        | Found an ornate altar of the Wu Jian Council.
   742 | D        | Found a roughly hewn altar of Beogh.
   742 | D        | Found an iron altar of Okawaru.
   742 | D        | Found a bloodstained altar of Trog.
   742 | D        | Found a hide-covered altar of Uskayaw.
   742 | D        | Noticed a human
   745 | D        | Noticed a human
   745 | D        | Killed a human
   745 | D        | Reached skill level 12 in Spellcasting
   748 | D        | Killed a human
   748 | D        | Reached * piety under Vehumet
   748 | D        | Offered knowledge of Sting by Vehumet.
   900 | D        | Found a basalt altar of Yredelemnul.
   900 | D        | Found a shadowy altar of Dithmenos.
   900 | D        | Found a sacrificial altar of Ru.
   917 | D        | Killed from afar by a necromancer

Vault maps used:
D:        dungeon_sprint_mu

Skill      XL: |  1  2  3  4  5  6  7 |
---------------+----------------------+-----
Spellcasting   | 4 6 8 9 11 12 | 12.8
Conjurations   | 2 3 4 5 6 7 |  7.6
Fire Magic     | 4 5 6 7 8 |  8.3
Fighting       | 1 2 4 |  4.8
Armour         | 1 2 4 |  4.9
Dodging        | 3 4 6 7 |  7.6
Stealth        | |  2.4

Action                   |  1- 3 |  4- 6 |  7- 9 || total
-------------------------+-------+-------+-------++-------
 Cast: Flame Tongue      |    25 |     8 |     4 ||    37
       Conjure Flame     |       |     1 |     1 ||     2
       Sticky Flame      |       |     4 |     4 ||     8
       Fireball          |       |       |     2 ||     2
  Use: Potion            |       |     4 |       ||     4
       Scroll            |       |     3 |       ||     3
Armor: Robe              |     2 |       |       ||     2
Dodge: Dodged            |     7 |     3 |     3 ||    13

Table legend:
 A = Spawn XP
 B = Non-spawn XP
 C = Spawn XP percentage of total XP
 D = Spawn monster count
 E = Non-spawn monster count
 F = Spawn count percentage of total count
 G = Total turns spent on level
                    A         B        C        D         E        F      G
               +---------+---------+-------+---------+---------+-------+---------
         Total |       0 |    1390 |   0.0 |       0 |      13 |   0.0 |   917
               +---------+---------+-------+---------+---------+-------+---------
             D |       0 |    1390 |   0.0 |       0 |      13 |   0.0 |   917
               +---------+---------+-------+---------+---------+-------+---------
